 Dungeon Crawl Stone Soup version 0.27-a0-334-g52645efa06 (webtiles) character file.

Game seed: 17565376438281747090

8537 dickylongcocking the Covert (level 11, -8/53 HPs)
             Began as a Spriggan Venom Mage on Feb 13, 2021.
             Was a Priest of Vehumet.
             Killed from afar by a fire dragon (34 damage)
             ... with a blast of flame
             ... on level 9 of the Dungeon on Feb 14, 2021.
             The game lasted 00:19:08 (15052 turns).

dickylongcocking the Covert (Spriggan Venom Mage)  Turns: 15052, Time: 00:19:09

Health: -8/53      AC:  4    Str:  4    XL:     11   Next: 11%
Magic:  0/26       EV: 18    Int: 26    God:    Vehumet [***...]
Gold:   652        SH:  0    Dex: 16    Spells: 5/30 levels left

rFire    . . .     SeeInvis +   z - +9 staff of Olgreb {rPois∞}
rCold    . . .     Faith    .   (shield currently unavailable)
rNeg     . . .     Spirit   +   a - +0 robe
rPois    ∞         Reflect  .   C - +2 hat
rElec    .         Harm     .   (no cloak)
rCorr    .         Rampage  .   (gloves unavailable)
Will     +....                  (boots unavailable)
Stlth    +++++.....             j - amulet of guardian spirit
HPRegen  0.17/turn              c - +6 ring of intelligence
MPRegen  0.20/turn              t - +4 ring of slaying

@: very quick
A: very small, unfitting armour, see invisible, speed 3
a: Renounce Religion


You were on level 9 of the Dungeon.
You worshipped Vehumet.
Vehumet was most pleased with you.
You visited 1 branch of the dungeon, and saw 9 of its levels.

You collected 652 gold pieces.

Inventory:

Hand Weapons
 i - a +1 whip of flaming
 z - the +9 staff of Olgreb (weapon) {rPois∞}
   (You found it on level 7 of the Dungeon)

   It grants immunity to poison.
 B - the +5 mace "Veak" {vorpal, rF+ Int+4 Dex+2}
   (You found it on level 6 of the Dungeon)

   It inflicts extra damage upon your enemies.
   It affects your intelligence (+4).
   It affects your dexterity (+2).
   It protects you from fire.
Armour
 a - a +0 robe (worn)
 C - a +2 hat (worn)
Jewellery
 c - a +6 ring of intelligence (left hand)
 j - an amulet of guardian spirit (around neck)
 q - a ring of positive energy
 t - a +4 ring of slaying (right hand)
 F - a ring of see invisible
Wands
 p - a wand of polymorph (16)
 A - a wand of digging (5)
Scrolls
 b - 5 scrolls of fear {unknown}
 f - 9 scrolls of identify {unknown}
 m - a scroll of enchant weapon {unknown}
 r - 5 scrolls of magic mapping {unknown}
 u - a scroll of random uselessness {unknown}
 w - a scroll of amnesia {unknown}
 x - a scroll of fog {unknown}
 y - 2 scrolls of blinking {unknown}
 D - a scroll of teleportation {unknown}
 G - a scroll of noise {unknown}
Potions
 d - 4 potions of curing
 e - a potion of flight
 n - 2 potions of mutation {unknown}
 o - a potion of berserk rage {unknown}
 s - 5 potions of attraction {unknown}
 v - 3 potions of degeneration {unknown}


   Skills:
 * Level 3.9 Fighting
 - Level 3.3 Dodging
 - Level 10.7 Stealth
 - Level 10.0 Spellcasting
 * Level 0.0 Hexes
 * Level 9.3 Transmutations
 - Level 0.5 Fire Magic
 - Level 1.6 Air Magic
 * Level 1.9 Earth Magic
 - Level 10.5 Poison Magic


You had 5 spell levels left.
You knew the following spells:

 Your Spells              Type           Power        Failure   Level
a - Sting                 Tmut/Pois      100%         1%          1
b - Petrify               Tmut/Erth      42%          4%          4
c - Stone Arrow           Conj/Erth      36%          2%          3
d - Olgreb's Toxic Radia  Pois           80%          1%          4
e - Yara's Violent Unrav  Hex/Tmut       18%          5%          5
i - Ignite Poison         Fire/Tmut/Pois 64%          1%          3
p - Poisonous Vapours     Pois/Air       100%         1%          2
x - Mephitic Cloud        Conj/Pois/Air  50%          1%          3

Your spell library contained the following spells:

 Spells                   Type           Power        Failure   Level
 Static Discharge         Conj/Air       17%          2%          3
 Confusing Touch          Hex            13%          14%         3
 Gell's Gravitas          Tloc           6%           14%         3
 Metabolic Englaciation   Hex/Ice        6%           77%         5


Dungeon Overview and Level Annotations

Branches:
Dungeon (9/15)             Temple (0/1) D:7
   Lair: D:8-11         Orc: D:9-12

Altars:
Hepliaklqana
Kikubaaqudgha
Okawaru
Trog
Vehumet
Wu Jian
The Shining One

Annotations:
D:3 2 transporters, jestyr24's ghost, amateur DECj
D:7 1 runed translucent door


Innate Abilities, Weirdness & Mutations

You are very small and have problems with some larger weapons.
You are too small for most types of armour.
You have supernaturally acute eyesight. (SInv)
You cover ground extremely quickly.


Message History

Okay, then.
Casting: Petrify (dangerous; 4% risk of failure)
Confirm with . or Enter, or press ? or * to list all spells.
Okay, then.
Okay, then.
This spell is quite dangerous to cast!
Memorise Yara's Violent Unravelling, consuming 5 spell levels and leaving 5?
You start memorising the spell.
You continue memorising. x5
You finish memorising.
Spell assigned to 'e'.
Casting: Petrify (dangerous; 4% risk of failure)
Confirm with . or Enter, or press ? or * to list all spells.
Okay, then.
Casting: Petrify (dangerous; 4% risk of failure)
Confirm with . or Enter, or press ? or * to list all spells.
Aiming: Petrify (dangerous; 4% risk of failure)
Press: ? - help, Shift-Dir - straight line, f/p - fire dragon
Aim: a fire dragon (water, wandering, hasn't noticed you, chance to affect: 33%)
The fire dragon easily resists.
Unknown command.
Casting: Petrify (dangerous; 4% risk of failure)
Confirm with . or Enter, or press ? or * to list all spells.
Aiming: Petrify (dangerous; 4% risk of failure)
Press: ? - help, Shift-Dir - straight line, f/p - fire dragon
Aim: a fire dragon (chance to affect: 33%)
The fire dragon easily resists.
The fire dragon breathes flames at you. The blast of flame hits you!!!
Ouch! That really hurt!
Casting: Petrify (dangerous; 4% risk of failure)
Confirm with . or Enter, or press ? or * to list all spells.
Aiming: Petrify (dangerous; 4% risk of failure)
Press: ? - help, Shift-Dir - straight line, f/p - fire dragon
Aim: a fire dragon (chance to affect: 33%)
The fire dragon is moving more slowly.
Unknown command.
Unknown command.
The fire dragon breathes flames at you. The blast of flame hits you!!!
Ouch! That really hurt!
You die...

###########.# ##### #.####
##≈≈≈#### #....# ###≈≈≈≈≈≈≈#
####.# #≈≈≈≈≈≈≈≈###### ##.#
#≈≈≈≈≈≈≈≈≈≈...#### #..#
#≈≈≈≈≈≈≈≈≈.......## ######.##
##≈≈≈≈≈≈≈≈D.......#####......#
#≈≈≈≈≈≈≈≈≈...@.........######
##≈≈$$≈≈≈≈.........#####
#$$$$..≈≈≈......###
#$......≈≈≈....##
##?....≈≈≈≈..### ######≈≈≈####
#####


You could see a fire dragon (petrifying, catching breath).

Vanquished Creatures
  A queen ant (D:8)
  A moth of wrath (D:2)
  Grinder (D:4)
  2 wyverns
  Sigmund (D:5)
  Grum (D:9)
  3 water moccasins
  7 soldier ants
  An acid dragon (D:8)
  5 orc warriors
  3 black bears
  3 necrophages
  An ice beast (D:8)
  4 wolves (D:9)
  2 ogres
  5 centaurs
  Blork the orc (D:4)
  3 bullfrogs
  A wyvern skeleton (D:3)
  2 scorpions
  14 killer bees
  5 wights
  8 electric eels
  2 centaur zombies
  A bullfrog zombie (D:5)
  3 hounds
  A jelly (D:9)
  10 orc priests
  4 iguanas
  29 worker ants
  12 orc wizards
  Natasha (thrice) (D:2)
  2 worker ant zombies
  A howler monkey zombie (D:9)
  3 gnolls (D:3)
  16 adders
  3 white imps
  3 ufetubi
  An ooze (D:2)
  An adder skeleton (D:4)
  2 adder zombies
  4 worms (D:2)
  A dart slug (D:1)
  2 leopard geckos
  27 orcs
  3 ball pythons
  7 giant cockroaches
  14 goblins
  8 hobgoblins
  16 jackals
  7 kobolds
  7 quokkas
  6 bats
  8 frilled lizards
  2 leopard gecko skeletons
  A quokka zombie (D:5)
  12 rats
297 creatures vanquished.

Notes
Turn   | Place    | Note
-------+----------+-------------------------------------------
     0 | D:1      | dickylongcocking the Spriggan Venom Mage began the quest
                  | for the Orb.
     0 | D:1      | Reached XP level 1. HP: 9/9 MP: 5/5
   307 | D:1      | Reached XP level 2. HP: 13/13 MP: 3/6
   925 | D:1      | Reached XP level 3. HP: 16/16 MP: 5/8
  1442 | D:2      | Noticed Natasha
  1447 | D:2      | Learned a level 2 spell: Poisonous Vapours
  1451 | D:2      | Learned a level 3 spell: Ignite Poison
  1454 | D:2      | Killed Natasha
  1498 | D:2      | Noticed Natasha
  1500 | D:2      | Killed Natasha
  1501 | D:2      | Reached XP level 4. HP: 21/21 MP: 4/11
  1974 | D:2      | Noticed Natasha
  1980 | D:2      | Killed Natasha
  2086 | D:2      | Reached XP level 5. HP: 24/24 MP: 5/13
  2280 | D:2      | Reached skill level 5 in Spellcasting
  2473 | D:2      | Noticed a moth of wrath
  2478 | D:2      | Killed a moth of wrath
  2479 | D:2      | Reached skill level 1 in Air Magic
  2479 | D:2      | Reached XP level 6. HP: 28/28 MP: 2/16
  2570 | D:2      | Found a bloodstained altar of Trog.
  2578 | D:2      | Learned a level 4 spell: Olgreb's Toxic Radiance
  2602 | D:2      | Reached XP level 7. HP: 32/32 MP: 10/17
  2792 | D:3      | Upgraded the game from 0.27-a0-333-gfa571bf19a to
                  | 0.27-a0-334-g52645efa06
  2805 | D:3      | Reached skill level 5 in Poison Magic
  3455 | D:3      | Found a transporter.
  3461 | D:3      | Learned a level 3 spell: Mephitic Cloud
  3461 | D:3      | Found a transporter.
  3462 | D:3      | Noticed jestyr24's ghost (amateur DECj)
  4467 | D:4      | Noticed Grinder
  4676 | D:4      | Killed Grinder
  4677 | D:4      | Reached skill level 5 in Stealth
  4749 | D:4      | Noticed Blork the orc
  4755 | D:4      | Killed Blork the orc
  4923 | D:4      | Reached XP level 8. HP: 36/36 MP: 13/19
  5002 | D:4      | Found an iron altar of Okawaru.
  5308 | D:4      | Reached skill level 5 in Transmutations
  5910 | D:5      | Entered Level 5 of the Dungeon
  5914 | D:5      | Noticed Sigmund
  6015 | D:5      | Learned a level 4 spell: Petrify
  7685 | D:5      | Killed Sigmund
  7878 | D:6      | Found a hazy altar of Hepliaklqana.
  7878 | D:6      | Found a radiant altar of Vehumet.
  8163 | D:6      | Got a crystal mace
  8163 | D:6      | Identified the +5 mace "Veak" {vorpal, rF+ Int+4 Dex+2}
                  | (You found it on level 6 of the Dungeon)
  8347 | D:6      | Reached XP level 9. HP: 17/39 MP: 2/22
  8862 | D:6      | Found an ornate altar of the Wu Jian Council.
  9068 | D:6      | Found an ancient bone altar of Kikubaaqudgha.
  9139 | D:6      | Became a worshipper of Vehumet
  9249 | D:7      | Found a runed translucent gate.
  9684 | D:7      | Reached * piety under Vehumet
  9684 | D:7      | Offered knowledge of Shock by Vehumet.
  9986 | D:7      | Found a staircase to the Ecumenical Temple.
 10011 | D:7      | Found a runed translucent gate.
 10011 | D:7      | Found a runed translucent door.
 10019 | D:7      | Found a runed translucent gate.
 10027 | D:7      | Found a runed translucent door.
 10084 | D:7      | Found the +9 staff of Olgreb {rPois∞}
 10496 | D:7      | Reached ** piety under Vehumet
 10496 | D:7      | Offered knowledge of Foxfire by Vehumet.
 10500 | D:7      | Reached XP level 10. HP: 42/44 MP: 8/24
 10877 | D:8      | Noticed a queen ant
 10894 | D:8      | Killed a queen ant
 10895 | D:8      | Reached skill level 1 in Fighting
 11667 | D:8      | Offered knowledge of Stone Arrow by Vehumet.
 11674 | D:8      | Reached skill level 10 in Stealth
 11816 | D:8      | Reached skill level 10 in Poison Magic
 12136 | D:8      | Reached *** piety under Vehumet
 12732 | D:8      | Learned a level 3 spell: Stone Arrow
 13268 | D:9      | Offered knowledge of Static Discharge by Vehumet.
 13475 | D:9      | Reached skill level 1 in Earth Magic
 13701 | D:9      | Noticed Grum
 13702 | D:9      | Reached XP level 11. HP: 44/53 MP: 13/25
 13704 | D:9      | Killed Grum
 13705 | D:9      | Reached skill level 10 in Spellcasting
 14162 | D:9      | Noticed a fire dragon
 14165 | D:9      | Reached **** piety under Vehumet
 14332 | D:9      | Found a glowing golden altar of the Shining One.
 15039 | D:9      | Learned a level 5 spell: Yara's Violent Unravelling
 15052 | D:9      | Killed from afar by a fire dragon

Illustrated notes

Levels and vault maps discovered:
D:1:      matt_arrival_grand_opening, layout_loops_cross
D:2:      layout_loops_cross, tgw_trog, uniq_natasha
D:3:      layout_loops_corners, gammafunk_ghost_mausoleum, minmay_checkerbox
D:4:      layout_layer_cave, okawaru_gym_becter, enter_ossuary_2,
          uniq_blork_the_orc, uniq_grinder
D:5:      layout_layer_cave, uniq_sigmund
D:6:      layout_rooms, chequers_temple_overflow_statue_of_worship,
          nicolae_overflow_crystal_walls
D:7:      layout_rooms, temple_green, minmay_guarded_unrand_staff_of_olgreb
D:8:      layout_basic, minmay_another_anthill
D:9:      dragon1_lemuel, layout_cave_pods, tso_altar, uniq_grum

Skill      XL: |  1  2  3  4  5  6  7  8  9 10 11 |
---------------+----------------------------------+-----
Spellcasting   | 3 4 6 8 9 10 | 10.0
Dodging        | 3 |  3.3
Transmutations | 2 3 4 6 8 9 |  9.3
Air Magic      | 1 |  1.6
Poison Magic   | 4 6 7 9 10 | 10.5
Stealth        | 5 7 9 10 | 10.7
Fighting       | 3 |  3.9
Earth Magic    | 1 |  1.9
Fire Magic     | |  0.5

Action                   |  1- 3 |  4- 6 |  7- 9 | 10-12 || total
-------------------------+-------+-------+-------+-------++-------
Melee: Unarmed           |     4 |       |       |       ||     4
       Whip              |     2 |     1 |    18 |       ||    21
       Mace              |       |       |    11 |       ||    11
       Staff             |       |       |       |    35 ||    35
 Cast: Sting             |    51 |    19 |    53 |    15 ||   138
       Poisonous Vapours |     2 |    23 |    53 |       ||    78
       Ignite Poison     |     2 |     4 |    73 |    49 ||   128
       Olgreb's Toxic Ra |       |     1 |    36 |    39 ||    76
       Mephitic Cloud    |       |       |    16 |     9 ||    25
       Petrify           |       |       |       |    11 ||    11
Evoke: Wand              |       |       |     3 |     1 ||     4
  Use: Potion            |       |       |     3 |    13 ||    16
 Stab: Distracted        |       |       |       |     1 ||     1
Armor: Robe              |     4 |     1 |     9 |     6 ||    20
       Skin              |       |       |     3 |    14 ||    17
Dodge: Dodged            |    19 |    11 |    87 |    65 ||   182

Table legend: (Time is in decaauts)
 A = Elapsed time spent in this place.
 B = Non-inter-level travel time spent in this place.
 C = Inter-level travel time spent in this place.
 D = Time resting spent in this place.
 E = Time spent auto-exploring this place.
 F = Levels seen in this place.
 G = Mean time per level.
                   A        B        C        D        E       F      G
               +--------+--------+--------+--------+--------+-----+--------+
         Total |  12566 |  12412 |    154 |   4036 |   6919 |   9 | 1396.2 |
       Dungeon |  12566 |  12412 |    154 |   4036 |   6919 |   9 | 1396.2 |
               +--------+--------+--------+--------+--------+-----+--------+

Top non-repeatable levels by time:
     D:8: 1923 daAuts
     D:3: 1698 daAuts
     D:5: 1633 daAuts
     D:7: 1556 daAuts
     D:9: 1516 daAuts
     D:1: 1145 daAuts
     D:6: 1035 daAuts
     D:4: 1034 daAuts
     D:2: 1021 daAuts
